 Dungeon Crawl Stone Soup version 0.21.0-3-g78d12a8 (webtiles) character file.

143 theswoord the Bolt Thrower (level 5, 0/44 HPs)
             Began as a Naga Arcane Marksman on Jan 12, 2018.
             Slain by an orc wizard
             ... wielding a +0 dagger
              (4 damage)
             ... on level 3 of the Dungeon.
             The game lasted 00:04:21 (1731 turns).

theswoord the Bolt Thrower (Naga Arcane Marksman)   Turns: 1731, Time: 00:04:22

Health: 0/44       AC:  2    Str: 18    XL:     5   Next: 25%
Magic:  6/6        EV: 10    Int: 13    God:
Gold:   77         SH:  0    Dex: 12    Spells: 2/6 levels left

rFire    . . .     SeeInvis +   a - +0 hand crossbow
rCold    + . .     Gourm    .   (no shield)
rNeg     . . .     Faith    .   o - +0 robe {rC+}
rPois    +         Spirit   .   (no helmet)
rElec    .         Reflect  .   (no cloak)
rCorr    .         Harm     .   (no gloves)
MR       .....                  (no barding)
Stlth    +.........             (no amulet)
HPRegen  0.14/turn              (no ring)
MPRegen  0.10/turn              (no ring)

@: mighty, very slow
A: large, see invisible, deformed body, poison resistance, slowness 2, slow
metabolism 1, spit poison 1, AC +1
a: Spit Poison


You were on level 3 of the Dungeon.
You were not hungry.

You visited 1 branch of the dungeon, and saw 3 of its levels.

You collected 77 gold pieces.

Inventory:

Hand Weapons
 a - a +0 hand crossbow (weapon)
 s - a +0 short sword
Missiles
 d - 2 bolts (quivered)
Armour
 e - a +0 robe
 o - a +0 robe of cold resistance (worn)
Scrolls
 g - a scroll of enchant weapon {unknown}
 h - a scroll of fear {unknown}
 i - a scroll of teleportation {unknown}
 j - 3 scrolls of remove curse {unknown}
 m - 3 scrolls of identify {unknown}
 q - a scroll of blinking {unknown}
 r - a scroll of fog {unknown}
Potions
 b - a potion of heal wounds {unknown}
 k - 2 potions of haste {unknown}
 n - 2 potions of curing {unknown}
 p - a potion of ambrosia {unknown}
Books
 c - a book of Debilitation

   Spells                             Type                      Level
   a - Corona                         Hexes                        1
   b - Slow                           Hexes                        2
   c - Inner Flame                    Hexes/Fire                   3
   d - Portal Projectile              Hexes/Translocation          3
   e - Cause Fear                     Hexes                        4
   f - Leda's Liquefaction            Hexes/Earth                  4
Comestibles
 f - 9 rations


   Skills:
 - Level 1.0 Fighting
 + Level 4.8 Crossbows
 - Level 1.5 Dodging
 - Level 1.0 Spellcasting
 - Level 3.0 Hexes


You had 2 spell levels left.
You knew the following spells:

 Your Spells              Type           Power        Failure   Level  Hunger
a - Corona                Hex            #......      9%          1    ##.....
b - Portal Projectile     Hex/Tloc       #.....       41%         3    ####...


Dungeon Overview and Level Annotations

Branches:
Dungeon (3/15)

Altars:


Innate Abilities, Weirdness & Mutations

You cannot wear boots.
Your serpentine skin is tough. (AC +1)
You have supernaturally acute eyesight. (SInv)
Armour fits poorly on your strangely shaped body.
Your system is resistant to poisons. (rPois)
You cover ground very slowly.
You have a slow metabolism.
You can spit poison.


Message History

The puff of flame hits the orc wizard.
The orc wizard dies!
The orc wizard casts a spell at you. The magic dart hits you!
* * * LOW HITPOINT WARNING * * *
You can't do that yet.
It was a potion of might.
You feel very mighty all of a sudden.
Aim: an orc wizard, wielding a dagger and wearing a robe You shoot a bolt.
The bolt hits the orc wizard!
The orc wizard hits you with a dagger.
* * * LOW HITPOINT WARNING * * *
Aim: an orc wizard, wielding a dagger and wearing a robe (heavily wounded)
You shoot a bolt. The bolt hits the orc wizard.
The orc wizard barely misses you.
Aim: an orc wizard, wielding a dagger and wearing a robe (severely wounded)
You shoot a bolt. The bolt closely misses the orc wizard.
You have got your breath back.
The orc wizard hits you with a dagger.
You die...

#.....####.##.
##.....# ##.
##...## .(.
##.## ... #.#
#(# #.# ##(##
#+# .). #o#
###@# ##.#.##
####....%#
+.<.....#.##
####...###.#
##.#.#.##
####.# #.#
####+# #.#


You could see an orc wizard.

Vanquished Creatures
  Jessica (D:2)
  2 adders (D:2)
  3 oozes
  A worm (D:3)
  A dart slug (D:1)
  A leopard gecko (D:2)
  2 orcs (D:3)
  9 bats
  3 giant cockroaches
  8 goblins
  5 hobgoblins
  2 jackals (D:1)
  A quokka (D:2)
  2 ball pythons (D:2)
  6 frilled lizards
  5 kobolds
  6 rats
58 creatures vanquished.

Vanquished Creatures (others)
  An orc wizard (D:3)
1 creature vanquished.

Grand Total: 59 creatures vanquished

Notes
Turn   | Place    | Note
-------+----------+-------------------------------------------
     0 | D:1      | theswoord the Naga Arcane Marksman began the quest for the Orb.
     0 | D:1      | Reached XP level 1. HP: 18/18 MP: 2/2
    57 | D:1      | Reached skill level 2 in Crossbows
   371 | D:1      | Reached XP level 2. HP: 25/25 MP: 3/3
   453 | D:1      | Reached skill level 3 in Crossbows
   460 | D:1      | Reached XP level 3. HP: 31/31 MP: 4/4
  1012 | D:2      | Reached XP level 4. HP: 24/38 MP: 5/5
  1092 | D:2      | Noticed Jessica
  1093 | D:2      | Killed Jessica
  1093 | D:2      | Reached skill level 4 in Crossbows
  1490 | D:3      | Reached XP level 5. HP: 44/44 MP: 6/6
  1495 | D:3      | Learned a level 3 spell: Portal Projectile
  1731 | D:3      | Slain by an orc wizard

Skill      XL: |  1  2  3  4 |
---------------+-------------+-----
Crossbows      | 2 3 4 |  4.8
Fighting       | |  1.0
Dodging        | |  1.5
Spellcasting   | |  1.0
Hexes          | |  3.0

Action                   |  1- 3 |  4- 6 || total
-------------------------+-------+-------++-------
Melee: Short sword       |       |     4 ||     4
 Fire: Hand crossbow     |    85 |    38 ||   123
 Abil: Spit Poison       |     2 |    10 ||    12
  Use: Potion            |       |     1 ||     1
  Eat: Chunk             |       |     2 ||     2
Armor: Robe              |     9 |     7 ||    16
Dodge: Dodged            |    28 |    13 ||    41

Vault maps used:
D:1:      minmay_arrival_open_corners
D:2:      uniq_jessica
